 Dungeon Crawl Stone Soup version 0.21.1-1-g345015f (webtiles) character file.

38 inc the Conjurer (level 3, 14/14 HPs)
             Began as a Felid Wizard on Feb 28, 2018.
             Quit the game on level 2 of the Dungeon.
             The game lasted 00:03:42 (1948 turns).

inc the Conjurer (Felid Wizard)                     Turns: 1948, Time: 00:03:43

Health: 14/14      AC:  1    Str:  3    XL:     3   Next: 25%
Magic:  8/8        EV: 17    Int: 20    God:
Gold:   69         SH:  0    Dex: 14    Spells: 2/8 levels left
                                        Lives:  0   Deaths: 1

rFire    . . .     SeeInvis +   (weapon unavailable)
rCold    . . .     Gourm    .   (shield unavailable)
rNeg     . . .     Faith    .   (armour unavailable)
rPois    .         Spirit   .   (helmet unavailable)
rElec    .         Reflect  .   (cloak unavailable)
rCorr    .         Harm     .   (gloves unavailable)
MR       .....                  (boots unavailable)
Stlth    +++.......             (no amulet)
HPRegen  0.04/turn              (no ring)
MPRegen  0.11/turn              (no ring)

@: quick
A: very small, no armour, no weapons or thrown items, stealth, claws 1, fangs 3,
see invisible, carnivore, speed 1, shaggy fur 1, slow metabolism 1, sharp paws
a: no special abilities


You were on level 2 of the Dungeon.
You were not hungry.

You visited 1 branch of the dungeon, and saw 3 of its levels.

You collected 69 gold pieces.

Inventory:

Jewellery
 f - an uncursed ring of fire
Scrolls
 c - a scroll of blinking {unknown}
 g - a scroll of fog {unknown}
 h - 2 scrolls of teleportation {unknown}
 i - a scroll of magic mapping {unknown}
Potions
 d - 2 potions of curing
 e - a potion of agility {unknown}
Books
 a - a book of Minor Magic

   Spells                             Type                      Level
   a - Magic Dart                     Conjuration                  1
   b - Blink                          Translocation                2
   c - Call Imp                       Summoning                    2
   d - Slow                           Hexes                        2
   e - Conjure Flame                  Conjuration/Fire             3
   f - Mephitic Cloud                 Conjuration/Poison/Air       3
Comestibles
 b - 3 rations


   Skills:
 - Level 2.6 Dodging
 - Level 2.6 Stealth
 - Level 3.0 Spellcasting
 + Level 3.8 Conjurations
 - Level 1.0 Summonings
   Level 1.5 Translocations


You had 2 spell levels left.
You knew the following spells:

 Your Spells              Type           Power        Failure   Level  Hunger
a - Magic Dart            Conj           ###.         3%          1    None
b - Call Imp              Summ           #.......     14%         2    ##.....
c - Mephitic Cloud        Conj/Pois/Air  #.......     26%         3    ###....


Dungeon Overview and Level Annotations

Branches:
Dungeon (3/15)

Altars:

Annotations:
D:2 Jessica, Robin


Innate Abilities, Weirdness & Mutations

You cannot wear armour.
You are incapable of wielding weapons or throwing items.
Your paws allow you to move quietly. (Stealth)
You have sharp claws.
You have razor-sharp teeth.
You have supernaturally acute eyesight. (SInv)
You are carnivorous and can eat meat at any time.
You cover ground quickly.
You are covered in fur. (AC +1)
You have a slow metabolism.
Your sharp claws are effective at attacking unaware monsters.


Message History

The goblin shoots a stone.
The stone closely misses you. The hobgoblin barely misses you.
You see here a stone.
Robin throws the goblin at you!
The goblin shoots a stone.
The stone completely misses you.
The stone closely misses the goblin.
The goblin unwields an uncursed whip.
The goblin wields a hunting sling.
The goblin shoots a stone.
The stone hits you.
You see here a stone.
Robin roars a battlecry!
The goblins go into a battle-frenzy!
The goblin shoots a stone.
The stone closely misses you.
The goblin shoots a stone.
The stone hits you!
* * * LOW HITPOINT WARNING * * *
The goblin unwields an uncursed hunting sling.
The goblin wields an uncursed whip.
The goblin hits you with an uncursed whip.
You die...
You are now level 3!
You rejoin the land of the living...
Are you sure you want to abandon this character and quit the game? (Confirm with "yes".)

.....g........+
...g.gg.......# #####
.............####....#
........>....'....... .
.........#...####.#.##.#
.............'..........
....###......####....#
....# #..............#
##### ##'#....##@....#
#......##.....#
#......+......#
#......###....# #.....
.. ....# #......
.......# # #ggg....
.....##.# #.....#.
#......


There were no monsters in sight!

Vanquished Creatures
  Natasha (D:2)
  An adder (D:2)
  2 worms (D:2)
  A dart slug (D:2)
  A leopard gecko (D:2)
  4 bats
  A giant cockroach (D:1)
  8 hobgoblins
  2 jackals (D:1)
  5 frilled lizards
  10 goblins
  5 kobolds
  2 rats (D:1)
43 creatures vanquished.

Notes
Turn   | Place    | Note
-------+----------+-------------------------------------------
     0 | D:1      | inc the Felid Wizard began the quest for the Orb.
     0 | D:1      | Reached XP level 1. HP: 7/7 MP: 5/5
    57 | D:1      | Reached skill level 1 in Conjurations
   247 | D:1      | Reached XP level 2. HP: 11/11 MP: 0/7
   895 | D:2      | Reached XP level 3. HP: 14/14 MP: 4/8
  1031 | D:2      | Noticed Jessica
  1524 | D:2      | Noticed Natasha
  1562 | D:2      | Killed Natasha
  1562 | D:2      | Reached XP level 4. HP: 18/18 MP: 2/9
  1625 | D:2      | Learned a level 2 spell: Call Imp
  1629 | D:2      | Learned a level 3 spell: Mephitic Cloud
  1752 | D:2      | Noticed Robin
  1947 | D:2      | Slain by a goblin
  1948 | D:2      | Reached XP level 3. HP: -3/14 MP: 4/8
  1948 | D:2      | Quit the game

Skill      XL: |  1  2  3 |
---------------+----------+-----
Conjurations   | 1 2 3 |  3.8
Dodging        | |  2.6
Stealth        | |  2.6
Spellcasting   | |  3.0
Summonings     | |  1.0
Translocations | |  1.5

Action                   |  1- 3 |  4- 6 || total
-------------------------+-------+-------++-------
Melee: Unarmed           |    29 |       ||    29
       Bite              |     2 |       ||     2
 Cast: Magic Dart        |    91 |    23 ||   114
  Eat: Chunk             |     7 |       ||     7
Armor: Skin              |     2 |     1 ||     3
Dodge: Dodged            |    26 |    18 ||    44
